 Dungeon Crawl Stone Soup version 0.24.0-13-gcf9b319 (webtiles) character file.

Game seed: 17473861478140424637, levelgen mode: deterministic

7739 Fang the Fighter (level 11, -3/72 HPs)
             Began as a Gargoyle Fighter on Jan 3, 2020.
             Was a Priest of Trog.
             Slain by a 12-headed hydra (4 damage)
             ... on level 11 of the Dungeon.
             The game lasted 00:10:17 (9953 turns).

Fang the Fighter (Gargoyle Fighter)                 Turns: 9953, Time: 00:10:18

Health: -3/72      AC: 21    Str: 29    XL:     11   Next: 20%
Magic:  11/11      EV:  8    Int:  8    God:    Trog [***...]
Gold:   547        SH: 12    Dex:  9    Spells: 10/10 levels left

rFire    . . .     SeeInvis .   a - +0 war axe
rCold    . . .     Gourm    .   B - +0 shield
rNeg     + . .     Faith    .   b - +0 chain mail
rPois    ∞         Spirit   .   h - +2 hat
rElec    +         Reflect  .   (no cloak)
rCorr    .         Harm     .   (no gloves)
MR       ++...                  (no boots)
Stlth    ..........             (no amulet)
HPRegen  1.22/turn              i - +5 ring of strength
MPRegen  0.12/turn              w - ring of attention (curse)

@: berserk cooldown, regenerating, slowed, very slow
A: negative energy resistance 1, electricity resistance, unbreathing,
petrification resistance, rot immunity, AC +8
a: Berserk, Trog's Hand, Renounce Religion


You were on level 11 of the Dungeon.
You worshipped Trog.
Trog was most pleased with you.
You were very hungry.

You visited 3 branches of the dungeon, and saw 13 of its levels.

You collected 547 gold pieces.

Inventory:

Hand Weapons
 a - a +0 war axe (weapon)
Armour
 b - a +0 chain mail (worn)
 h - a +2 hat (worn)
 B - a +0 shield (worn)
Jewellery
 i - a +5 ring of strength (left hand)
 k - an uncursed ring of magical power
 m - an uncursed ring of flight {unknown}
 w - a cursed ring of attention (right hand)
Wands
 d - a wand of scattershot (5)
 p - a wand of random effects (40)
 q - a wand of enslavement (5)
 t - a wand of flame (17)
Scrolls
 e - 9 scrolls of teleportation
 o - 4 scrolls of remove curse
 r - a scroll of fear
 v - 2 scrolls of identify
 x - a scroll of magic mapping
Potions
 f - 6 potions of curing
 g - a potion of agility
 j - 2 potions of invisibility
 l - 3 potions of might
 n - 2 potions of heal wounds
 u - a potion of flight {unknown}
Comestibles
 c - 5 rations
 s - 12 chunks of flesh


   Skills:
 + Level 9.9 Fighting
 + Level 8.1 Axes
 + Level 9.9 Armour
 + Level 9.9 Shields


You had 10 spell levels left.
You didn't know any spells.
Your spell library contained the following spells:

 Spells                   Type           Power        Failure   Level  Hunger
 Flame Tongue             Conj/Fire      #....        98%         1    ##.....
 Throw Flame              Conj/Fire      #.....       99%         2    ###....
 Conjure Flame            Conj/Fire      #.......     100%        3    ####...
 Inner Flame              Hex/Fire       #.......     100%        3    ####...
 Sticky Flame             Conj/Fire      #.......     100%        4    #####..
 Fireball                 Conj/Fire      #.........   100%        5    ######.


Dungeon Overview and Level Annotations

Branches:
Dungeon (11/15)            Temple (1/1) D:7             Orc (1/2) D:9
   Lair: D:8-11

Altars:
Ashenzari
Cheibriados
Dithmenos
Elyvilon
Fedhas
Gozag
Hepliaklqana
Kikubaaqudgha
Makhleb
Nemelex Xobeh
Okawaru
Qazlal
Ru
Sif Muna
Trog
Uskayaw
Vehumet
Wu Jian
Xom
Yredelemnul
Zin
The Shining One

Shops:
D:7 *   D:8 [:[[   D:10 %


Innate Abilities, Weirdness & Mutations

You are resistant to torment.
Your stone body is resilient. (AC +8)
You are immune to poison.
You resist negative energy. (rN+)
You are resistant to electric shocks. (rElec)
You can survive without breathing.
You are immune to petrification.
You are immune to rotting.


Message History

The 12-headed hydra bites you but does no damage.
The 12-headed hydra bites you.
* * * LOW HITPOINT WARNING * * *
The 12-headed hydra closely misses you. The 12-headed hydra bites you.
* * * LOW HITPOINT WARNING * * *
The 12-headed hydra bites you but does no damage.
There is a stone staircase leading up here.
The 12-headed hydra bites you.
* * * LOW HITPOINT WARNING * * *
The 12-headed hydra bites you.
* * * LOW HITPOINT WARNING * * *
The 12-headed hydra bites you!
* * * LOW HITPOINT WARNING * * *
The 12-headed hydra bites you but does no damage.
The 12-headed hydra bites you.
* * * LOW HITPOINT WARNING * * *
The 12-headed hydra bites you but does no damage.
The 12-headed hydra barely misses you. You block the 12-headed hydra's attack.
The 12-headed hydra bites you.
You die...

#####
#...#
##'###
#....#
#...@#
#...D#
#....#
#....#
#.....
#......
#.......
#........
#........#


You could see a 12-headed hydra.

Vanquished Creatures
  An unseen horror (D:10)
  A manticore (D:8)
  A troll (D:10)
  2 hornets
  Sigmund (D:4)
  2 hippogriffs (D:8)
  3 wraiths
  3 yaks (D:10)
  2 hungry ghosts (D:9)
  A warg (Orc:1)
  A water moccasin (D:10)
  5 sky beasts
  3 orc warriors (D:9)
  3 ice beasts
  A necrophage (D:10)
  4 ogres
  A crocodile (D:10)
  3 centaurs
  2 big kobolds
  Blork the orc (D:6)
  A gnoll sergeant (D:8)
  5 bullfrogs
  A water moccasin zombie (D:10)
  3 troll zombies (D:9)
  2 scorpions
  4 wights (D:9)
  A centaur zombie (D:9)
  A quasit (D:7)
  2 crimson imps
  6 hounds
  2 jellies
  10 orc wizards
  A bullfrog zombie (D:10)
  6 orc priests
  3 iguanas
  10 worker ants
  3 ogre zombies (D:9)
  2 hound skeletons
  3 gnolls (D:8)
  11 adders
  3 shadow imps
  2 oozes (D:1)
  2 worms
  3 dart slugs
  A leopard gecko (D:2)
  42 orcs
  6 giant cockroaches
  9 hobgoblins
  5 jackals
  9 kobolds
  5 quokkas
  2 ball pythons
  9 bats
  5 frilled lizards
  8 goblins
  A hobgoblin skeleton (D:9)
  3 orc skeletons (D:9)
  15 orc zombies (D:9)
  11 rats
259 creatures vanquished.

Vanquished Creatures (others)
  An orc wizard (D:7)
1 creature vanquished.

Grand Total: 260 creatures vanquished

Notes
Turn   | Place    | Note
-------+----------+-------------------------------------------
     0 | D:1      | Fang the Gargoyle Fighter began the quest for the Orb.
     0 | D:1      | Reached XP level 1. HP: 14/14 MP: 1/1
   153 | D:1      | Reached XP level 2. HP: 19/19 MP: 2/2
   253 | D:1      | Reached XP level 3. HP: 19/23 MP: 3/3
   667 | D:2      | Found a shadowy altar of Dithmenos.
   783 | D:2      | Reached XP level 4. HP: 29/29 MP: 4/4
  1333 | D:2      | Found a blossoming altar of Fedhas.
  1333 | D:2      | Found a sacrificial altar of Ru.
  1335 | D:2      | Found a shimmering altar of Xom.
  1353 | D:2      | Found an ancient bone altar of Kikubaaqudgha.
  1607 | D:3      | Reached XP level 5. HP: 32/33 MP: 5/5
  1721 | D:3      | HP: 1/34 [orc/+0 flail (3)]
  2357 | D:4      | Reached XP level 6. HP: 39/39 MP: 6/6
  2486 | D:4      | Noticed Sigmund
  2508 | D:4      | Killed Sigmund
  2508 | D:4      | Reached skill level 5 in Fighting
  2508 | D:4      | Reached skill level 5 in Armour
  2508 | D:4      | Reached skill level 5 in Shields
  2508 | D:4      | Reached XP level 7. HP: 17/44 MP: 7/7
  2950 | D:4      | Noticed a +0 hand axe
  2950 | D:4      | Noticed a +0 dagger
  2951 | D:4      | Found a hide-covered altar of Uskayaw.
  3741 | D:5      | Entered Level 5 of the Dungeon
  3750 | D:5      | Found a sparkling altar of Nemelex Xobeh.
  3831 | D:5      | Found a white marble altar of Elyvilon.
  4428 | D:6      | Reached XP level 8. HP: 49/51 MP: 8/8
  4528 | D:6      | Noticed Blork the orc
  4550 | D:6      | Killed Blork the orc
  4945 | D:6      | Found a shimmering blue altar of Sif Muna.
  5136 | D:7      | Found a basalt altar of Yredelemnul.
  5154 | D:7      | Found a staircase to the Ecumenical Temple.
  5180 | D:7      | Reached skill level 5 in Axes
  5413 | Temple   | Entered the Ecumenical Temple
  5756 | Temple   | Became a worshipper of Trog the Wrathful
  5803 | D:7      | Noticed a hornet
  5828 | D:7      | Killed a hornet
  6057 | D:7      | Found Wutaynke's Assorted Antiques.
  6099 | D:7      | Reached XP level 9. HP: 46/57 MP: 9/9
  6236 | D:7      | Found a glowing golden altar of the Shining One.
  6425 | D:8      | Found Molemm's Armour Boutique.
  6612 | D:8      | Found Macve's Book Shoppe.
  6692 | D:8      | Reached * piety under Trog
  6697 | D:8      | Found Tank's Armour Boutique.
  6841 | D:8      | Noticed a manticore
  6862 | D:8      | Killed a manticore
  6865 | D:8      | Found Myemiew's Antique Armour Boutique.
  7212 | D:8      | Reached XP level 10. HP: 33/64 MP: 10/10
  7954 | D:9      | Reached ** piety under Trog
  7982 | D:9      | HP: 1/65 [orc priest/divine providence (9)]
  8380 | D:9      | Found a staircase to the Orcish Mines.
  8996 | Orc:1    | Entered Level 1 of the Orcish Mines
  9068 | D:10     | Entered Level 10 of the Dungeon
  9139 | D:10     | Reached *** piety under Trog
  9465 | D:10     | Reached XP level 11. HP: 71/71 MP: 11/11
  9580 | D:10     | Killed an unseen horror
  9633 | D:10     | Found Nuvesopn's Food Emporium.
  9932 | D:11     | Noticed a four-headed hydra
  9953 | D:11     | HP: 3/72 [12-headed hydra (8)]
  9953 | D:11     | HP: 1/72 [12-headed hydra (2)]
  9953 | D:11     | Slain by a 12-headed hydra

Levels and vault maps discovered:
D:1:      psy_arrival_whirlpool, layout_loops_ring
D:2:      layout_basic, nicolae_overflow_quartered_altars, first_ration,
          grunt_dithmenos_smoke_and_mirrors
D:3:      layout_loops_ring
D:4:      layout_layer_cave, dancing_weapons_uskayaw, uniq_sigmund
D:5:      layout_cave_pools, overflow_temple_1_default, lemuel_doored_altar
D:6:      layout_rooms, lemuel_crystal_altar, uniq_blork_the_orc
D:7:      layout_loops_cross, yredelemnul_altar_generic, tso_metal_star,
          minmay_temple_entry_large_hall, serial_shops, kennysheep_mini
D:8:      layout_gridville, serial_shops, nicolae_shop_stone, shop,
          nicolae_shop_stone, shop
D:9:      layout_basic, zombieorc1_lemuel
D:10:     layout_loops_cross, serial_shops, shop
D:11:     layout_roguey, dpeg_oklobed_lair, gauntlet_entry_generic,
          serial_shops, shop, nicolae_shop_stone, shop, kennysheep_little_box,
          shop
Temple:   minmay_temple_forest_path
Orc:1:    layout_diamond_mine, special_room [special_room_orc],
          biasface_ghost_orc_armoury

Skill      XL: |  1  2  3  4  5  6  7  8  9 10 11 |
---------------+----------------------------------+-----
Axes           | 2 3 4 5 6 7 8 |  8.1
Fighting       | 4 5 7 8 9 |  9.9
Shields        | 4 5 7 8 9 |  9.9
Armour         | 4 5 7 8 9 |  9.9

Action                   |  1- 3 |  4- 6 |  7- 9 | 10-12 || total
-------------------------+-------+-------+-------+-------++-------
Melee: War axe           |   104 |   193 |   452 |   398 ||  1147
Invok: Berserk           |       |       |     1 |     2 ||     3
       Trog's Hand       |       |       |       |     1 ||     1
  Use: Scroll            |       |     6 |     9 |     3 ||    18
       Potion            |       |     1 |       |     1 ||     2
  Eat: Chunk             |       |     6 |    13 |     6 ||    25
       Ration            |       |       |     1 |     4 ||     5
Armor: Scale mail        |    59 |       |       |       ||    59
       Chain mail        |       |   125 |   378 |   300 ||   803
Dodge: Dodged            |    38 |    40 |   133 |   139 ||   350
Block: Shield            |    66 |    98 |   287 |   301 ||   752
